 Dungeon Crawl Stone Soup version bcrawl-1.21.3 (webtiles) character file.

Game seed: 9058629932287235202

826 MisterOstroum the Skirmisher (level 8, 0/65 HPs)
             Began as a Formicid Wanderer on Mar 27, 2020.
             Succumbed to a killer bee's poison
             ... on level 7 of the Dungeon.
             The game lasted 00:08:52 (4686 turns).

MisterOstroum the Skirmisher (Formicid Wanderer)    Turns: 4686, Time: 00:08:52

Health: 0/65       AC:  2    Str: 21      XL:     8   Next: 17%
Magic:  1/8        EV: 11    Int: 12      God:
Gold:   240        SH:  0    Dex:  5 (8)  Spells: 7/7 levels left

rFire    . . .     SeeInvis +   a - +2 dagger (freeze)
rCold    . . .     Gourm    .   (no shield)
rNeg     . . .     Faith    .   (no armour)
rPois    .         Spirit   +   (helmet unavailable)
rElec    .         Reflect  .   (no cloak)
rCorr    .         Harm     .   r - +0 pair of gloves
MR       .....                  s - +0 pair of boots (curse)
Stlth    +.........             j - amulet of guardian spirit
HPRegen  0.20/turn              (no ring)
MPRegen  0.11/turn              (no ring)

@: lethally poisoned (0 -> -10)
A: permanent stasis, dig shafts and tunnels, four strong arms, antennae 3
a: Dig, Shaft Self


You were on level 7 of the Dungeon.
You were not hungry.

You visited 1 branch of the dungeon, and saw 7 of its levels.

You collected 240 gold pieces.

Inventory:

Hand Weapons
 a - a +2 dagger of freezing (weapon)
 b - a +0 shortbow
Missiles
 d - 738 arrows
 k - 605 stones (quivered)
 w - 64 bolts
Armour
 f - a +1 ring mail
 r - a +0 pair of gloves (worn)
 s - a cursed +0 pair of boots (worn)
 t - the +2 chain mail "Faukk" {Dex+3, unknown}
   (You found it on level 7 of the Dungeon)

   It affects your dexterity (+3).
Jewellery
 g - a +4 amulet of reflection {unknown}
 j - an amulet of guardian spirit (around neck)
Wands
 h - a wand of flame (7)
Scrolls
 c - a scroll of summoning
 i - a scroll of blinking {unknown}
 l - a scroll of teleportation {@r3 !r}
 p - a scroll of fear {unknown}
 v - a scroll of noise {unknown}
Potions
 m - 2 potions of invisibility
 n - a potion of curing {@q1 !q}
 o - 2 potions of cancellation
 q - a potion of ambrosia
 u - a potion of flight
 z - a potion of brilliance
Comestibles
 e - 9 rations {!d}


   Skills:
 + Level 6.8 Fighting
 * Level 6.1 Bows
   Level 2.0 Crossbows
 - Level 4.3 Armour
 - Level 1.3 Stealth
 - Level 1.1 Evocations


You had 7 spell levels left.
You didn't know any spells.
Your spell library was empty.

Dungeon Overview and Level Annotations

Branches:
Dungeon (6/12)
 Temple: D:4-7

Altars:

Annotations:
D:5 Blork the orc, Edmund


Innate Abilities, Weirdness & Mutations

You cannot be hasted, slowed, berserked, paralysed or teleported.
You can dig through walls and to a lower floor.
Your four strong arms can wield two-handed weapons with a shield.
You have a pair of large antennae on your head. (SInv)


Message History

Magic restored.
Some of the chunks of flesh in your inventory have rotted away.
All of the chunks of flesh in your inventory have rotted away.
HP restored.
Found an encrusted chain mail.
Found a glowing flail.
You now have 240 gold pieces (gained 19).
Unknown command.
You sense a monster nearby.
A troll comes into view.
The troll shouts!
A killer bee comes into view.
The killer bee buzzes angrily.
A hound comes into view.
An orc wizard comes into view. It is wielding a +0 dagger.
The hound barks!
A hound comes into view.
The hound barks!
The killer bee stings you!
You are poisoned.
The killer bee poisons you!
The killer bee stings you but does no damage.
You feel sick. The hound closely misses you.
The killer bee stings you but does no damage.
The hound closely misses you.
The orc wizard casts a spell.
The orc wizard blinks!
An orc wizard comes into view. It is wielding a +0 dagger.
The killer bee barely misses you.
The orc wizard moves out of view.
You see here an encrusted chain mail.
t - an encrusted chain mail You feel sick.
The killer bee barely misses you. The hound bites you but does no damage.
The hound bites you. The killer bee closely misses you.
The hound bites you but does no damage. x2
The orc wizard shouts!
The killer bee stings you!
You are more poisoned.
The killer bee poisons you! The hound bites you but does no damage.
The orc wizard hits you but does no damage.
You feel sick. The killer bee stings you! The orc wizard barely misses you.
You feel sick. The hound bites you. The killer bee stings you.
Wield which item (- for none, * to show all)? (? for menu, Esc to quit)
Okay, then.
Wear which item? (? for menu, Esc to quit)
You feel sick.
The killer bee stings you but does no damage.
Keep disrobing?
The killer bee closely misses you.
The hound bites you but does no damage. x2
You start removing your armour.
You continue taking off your +1 ring mail.
You feel sick.
The killer bee stings you but does no damage.
The hound bites you. The hound bites you but does no damage.
The killer bee misses you.
You continue taking off your +1 ring mail.
You feel sick. The killer bee barely misses you.
The hound barely misses you. x2
The orc wizard hits you but does no damage.
The killer bee stings you. The hound bites you but does no damage.
The hound closely misses you.
You continue taking off your +1 ring mail.
You feel sick. The killer bee closely misses you. The hound bites you.
The orc wizard hits you but does no damage.
The hound bites you.
The killer bee stings you but does no damage.
You continue taking off your +1 ring mail.
The killer bee closely misses you. The hound closely misses you. x2
The orc wizard barely misses you. The killer bee closely misses you.
The hound bites you. The hound closely misses you.
You finish taking off your +1 ring mail.
Wear which item? (? for menu, Esc to quit)
You don't have any such object.
Wear which item? (? for menu, Esc to quit)
You feel sick. The killer bee stings you!
Keep equipping yourself?
* * * LOW HITPOINT WARNING * * *
You are more poisoned.
The killer bee poisons you!
The orc wizard mumbles some strange words.
The orc wizard blinks!
The hound bites you.
* * * LOW HITPOINT WARNING * * *
The hound misses you. The killer bee closely misses you.
You start putting on your armour.
You continue putting on your encrusted chain mail.
You feel sick. The killer bee barely misses you. The hound bites you.
* * * LOW HITPOINT WARNING * * *
The hound completely misses you.
The orc wizard hits you but does no damage.
The killer bee closely misses you. The hound bites you.
* * * LOW HITPOINT WARNING * * *
The hound bites you.
* * * LOW HITPOINT WARNING * * *
You continue putting on your encrusted chain mail.
* * * LOW HITPOINT WARNING * * *
You feel sick. The killer bee misses you. The hound bites you.
* * * LOW HITPOINT WARNING * * *
The hound misses you. The killer bee stings you.
* * * LOW HITPOINT WARNING * * *
The orc wizard completely misses you.
You continue putting on your encrusted chain mail.
You die...

#. #.### #...# #.
.#.. ...
#..####.#... ##
#.......#...
.o.+##o@h........
#...#yh.......#
#....T........
#..o.......#+ {
#.........##
$#####...#.....#
+.....+##......#
#.#... #.##..##
#.....###..##.##


You could see a troll, 2 hounds, a killer bee and 2 orc wizards.

Vanquished Creatures
  A crocodile (D:6)
  A sky beast (D:4)
  A howler monkey (D:3)
  A quasit (D:5)
  5 orc priests
  A hound (D:3)
  6 orc wizards
  A centaur skeleton (D:4)
  3 gnolls (D:3)
  6 adders
  4 worms
  3 dart slugs (D:2)
  A leopard gecko (D:3)
  15 orcs
  4 goblins
  8 hobgoblins
  10 jackals
  7 quokkas
  4 bats
  6 frilled lizards
  2 jackal skeletons
  7 kobolds
  3 rats
100 creatures vanquished.

Notes
Turn   | Place    | Note
-------+----------+-------------------------------------------
     0 | D:1      | MisterOstroum the Formicid Wanderer began the quest for the
                  | Orb.
     0 | D:1      | MisterOstroum set off with the following items: a +2
                  | dagger, a scroll of summoning, a +0 shortbow, 186 arrows, a
                  | ration {!d}, a +0 ring mail
     0 | D:1      | Reached XP level 1. HP: 16/16 MP: 1/1
   170 | D:1      | Reached XP level 2. HP: 20/23 MP: 2/2
   885 | D:2      | Reached XP level 3. HP: 27/29 MP: 1/3
  1549 | D:2      | Reached XP level 4. HP: 25/38 MP: 2/4
  1795 | D:3      | Reached skill level 1 in Bows
  1956 | D:3      | Reached skill level 5 in Fighting
  1956 | D:3      | Reached XP level 5. HP: 34/44 MP: 3/5
  1978 | D:3      | HP: 1/44 [orc priest/divine providence (9)]
  2659 | D:3      | Reached XP level 6. HP: 47/51 MP: 4/6
  3396 | D:4      | Reached XP level 7. HP: 45/57 MP: 5/7
  3633 | D:4      | Reached skill level 5 in Bows
  4359 | D:4      | Noticed a troll
  4364 | D:4      | You fall into a shaft and drop 2 floors!
  4364 | D:6      | Noticed a crocodile
  4382 | D:6      | Killed a crocodile
  4382 | D:6      | Reached XP level 8. HP: 53/65 MP: 5/8
  4432 | D:6      | Noticed a hippogriff
  4438 | D:5      | Entered Level 5 of the Dungeon
  4458 | D:5      | Noticed Blork the orc
  4459 | D:5      | Noticed Edmund
  4472 | D:5      | You fall into a shaft and drop 2 floors!
  4661 | D:7      | Noticed a troll
  4674 | D:7      | Got an encrusted chain mail
  4685 | D:7      | HP: 2/65 [killer bee (3)]
  4686 | D:7      | Succumbed to a killer bee's poison

Skill      XL: |  1  2  3  4  5  6  7 |
---------------+----------------------+-----
Fighting       | 3 4 5 6 |  6.8
Bows           | 1 2 4 6 |  6.1
Crossbows      | |  2.0
Armour         | |  4.3
Stealth        | |  1.3
Evocations     | |  1.1

Action                   |  1- 3 |  4- 6 |  7- 9 || total
-------------------------+-------+-------+-------++-------
Melee: Dagger            |    68 |   136 |    90 ||   294
       Short sword       |    99 |       |       ||    99
 Fire: Shortbow          |     8 |    84 |    52 ||   144
Throw: Stone             |     8 |       |     3 ||    11
 Abil: Dig               |       |       |     3 ||     3
       Shaft Self        |       |       |     2 ||     2
  Use: Scroll            |     5 |     3 |     4 ||    12
       Potion            |       |     1 |     1 ||     2
  Eat: Chunk             |     2 |     5 |     3 ||    10
       Ration            |       |       |     1 ||     1
Armor: Ring mail         |    88 |    75 |   103 ||   266
       Skin              |       |       |     1 ||     1
Dodge: Dodged            |   108 |    84 |   110 ||   302
